 Dungeon Crawl Stone Soup version 0.31-a0-217-g58bb5d79cf (webtiles) character file.

Game seed: 11820434494442365573

163 qw the Shooter (level 5, -10/45 HPs)
             Began as a Minotaur Hexslinger on July 2, 2023.
             Mangled by Edmund
             ... wielding a +3 flail of protection
              (11 damage)
             ... on level 3 of the Dungeon.
             The game lasted 00:00:58 (2604 turns).

qw the Shooter (Minotaur Hexslinger)                Turns: 2604, Time: 00:00:58

Health: -10/45     AC:  6    Str: 12    XL:     5   Next: 20%
Magic:  5/5        EV: 11    Int: 10    God:
Gold:   126        SH:  0    Dex: 15    Spells: 5/6 levels left

rFire   . . .        Y - +0 sling (flame)
rCold   . . .        (no shield)
rNeg    + . .        h - +0 ring mail
rPois   .            (helmet restricted)
rElec   .            (no cloak)
rCorr   .            (no gloves)
SInv    .            e - +0 pair of boots
Will    .....        (no amulet)
Stlth   +            d - ring of positive energy
HPRegen 0.27/turn    (no ring)
MPRegen 0.09/turn

%: no passive effects
@: no status effects
A: horns 2, retaliatory headbutt
a: no special abilities


You were on level 3 of the Dungeon.
You visited 1 branch of the dungeon, and saw 4 of its levels.

You collected 184 gold pieces.
You spent 58 gold pieces at shops.


Innate Abilities, Weirdness & Mutations

You have a pair of horns on your head.
You reflexively headbutt those who attack you in melee.


   Skills:
 - Level 3.1 Fighting
 + Level 5.1 Ranged Weapons
 - Level 1.0 Armour
 - Level 2.1 Dodging
 - Level 1.0 Spellcasting
 - Level 2.0 Hexes


You had 5 spell levels left.
You knew the following spells:

 Your Spells              Type           Power      Damage    Failure   Level
a - Slow                  Hex            16%        N/A       34%         1

Your spell library contained the following spells:

 Spells                   Type           Power      Damage    Failure   Level
 Inner Flame              Hex/Fire       2%         N/A       83%         3
 Portal Projectile        Hex/Tloc       4%         N/A       83%         3
 Cause Fear               Hex            2%         N/A       98%         4

Inventory:

Hand Weapons
 Y - a +0 sling of flaming (weapon)
Armour
 e - a +0 pair of boots (worn)
 h - a +0 ring mail (worn)
Jewellery
 d - a ring of positive energy (left hand)
Scrolls
 a - a scroll of identify
Potions
 c - a potion of might
 g - a potion of mutation {unknown}
 i - a potion of resistance {unknown}
 j - a potion of ambrosia {unknown}

Dungeon Overview and Level Annotations

Branches:
Dungeon (4/15)
 Temple: D:4-7

Altars:
Cheibriados
Nemelex Xobeh

Shops:
D:2 [

Annotations:
D:3 Edmund


Message History

Edmund shouts!
Found 15 gold pieces.
Found a stone staircase leading up.
There is a stone staircase leading up here.
Edmund is nearby!
Waypoint 3 assigned to D:4.
You shoot a sling bullet.
The sling bullet hits Edmund but does no damage.
You shoot a sling bullet.
The sling bullet hits Edmund but does no damage.
You shoot a sling bullet. The sling bullet hits Edmund.
The sling bullet burns Edmund.
Edmund is lightly wounded.
Edmund hits you with a +3 flail of protection.
You shoot a sling bullet. The sling bullet hits Edmund.
The sling bullet burns Edmund.
Edmund is lightly wounded.
Edmund closely misses you.
Edmund hits you with a +3 flail of protection!
2599 ||| STAIRDANCE Edmund mutters, "Who needs spells, anyway?"
Edmund hits you with a +3 flail of protection.
You climb upwards.
There is a stone staircase leading down here.
You shoot a sling bullet.
The sling bullet hits Edmund but does no damage.
Edmund is lightly wounded.
Edmund hits you with a +3 flail of protection.
You shoot a sling bullet.
The sling bullet hits Edmund but does no damage.
Edmund is lightly wounded.
Edmund hits you with a +3 flail of protection!
You shoot a sling bullet.
The sling bullet hits Edmund but does no damage.
Edmund is lightly wounded.
Edmund hits you with a +3 flail of protection!
You shoot a sling bullet.
The sling bullet hits Edmund but does no damage.
Edmund is lightly wounded.
Edmund hits you with a +3 flail of protection.
Edmund hits you with a +3 flail of protection!
You die...

#.#.##.##..........# ##.
#.#.##.##.###.###..# ##
#.#.##........# #..# #####
#.#.#####.###.###..# ....#
#.#.............%..# ###.#
#.#.#####.###.###.## #.#
#.#...............# ######
#.#
#.#######.###:##..###.....
#.# #.# #@@.......##...###
#.# #.# #####.#.#........<
#.# #.# #.#...##...### #.#
#.# #.#######.## #.# #.#
#)# #.# #.####.#
#.#######.# #....).#
#....%....# ########
###########


You could see Edmund.

Vanquished Creatures
  An orc priest (D:3)
  5 gnolls (D:3)
  2 worms (D:3)
  A dart slug (D:1)
  3 orcs (D:3)
  5 ball pythons
  7 bats
  3 endoplasms (D:2)
  2 giant cockroaches (D:1)
  8 goblins
  8 hobgoblins
  7 jackals
  4 quokkas
  4 frilled lizards
  6 kobolds
  5 rats
71 creatures vanquished.

Notes
Turn   | Place    | Note
-------+----------+-------------------------------------------
     0 | D:1      | qw the Minotaur Hexslinger began the quest for the Orb.
     0 | D:1      | Reached XP level 1. HP: 16/16 MP: 1/1
     0 | D:1      | 0 ||| qw: Version: 0.3-a-40-ge99b1a8
     0 | D:1      | 0 ||| qw: Game counter: 5
     0 | D:1      | 0 ||| qw: Melee chars always use a shield: true
     0 | D:1      | 0 ||| qw: God list: Okawaru
     0 | D:1      | 0 ||| qw: Allow faded altars: false
     0 | D:1      | 0 ||| qw: Do Orc after clearing Dungeon:15 true
     0 | D:1      | 0 ||| qw: Do second Lair branch before Depths: true
     0 | D:1      | 0 ||| qw: Lair rune preference: random
     0 | D:1      | 0 ||| qw: Goals: Normal
     0 | D:1      | 0 ||| PLANNING D:1-11
    74 | D:1      | Reached skill level 3 in Ranged Weapons
    75 | D:1      | Reached XP level 2. HP: 23/23 MP: 2/2
   375 | D:1      | Reached XP level 3. HP: 29/29 MP: 3/3
   646 | D:1      | 646 ||| UPGRADING to +0 ring mail.
   656 | D:1      | 656 ||| DROPPING +0 robe.
   657 | D:1      | 657 ||| READING 2 scrolls labelled RUETEEWASI.
   658 | D:1      | 658 ||| READING 2 scrolls labelled NOUTIA ODUFUJAEGG.
   659 | D:1      | 659 ||| READING scroll labelled FUNGEX MI ZAWU.
   662 | D:1      | 662 ||| READING scroll labelled YFEEMURANT.
   663 | D:1      | 663 ||| DROPPING scroll of poison.
   664 | D:1      | 664 ||| DROPPING scroll of immolation.
   713 | D:2      | Identified the +6 dagger of the Bruised Persimmons {drain,
                  | Fly Will+}
   789 | D:2      | Reached skill level 4 in Ranged Weapons
   831 | D:2      | Found Qiedd's Armour Boutique.
   842 | D:2      | 842 ||| BUYING +0 pair of boots (58 gold).
   842 | D:2      | Bought a +0 pair of boots for 58 gold pieces
   955 | D:2      | Reached skill level 1 in Armour
  1182 | D:2      | Found a snail-covered altar of Cheibriados.
  1382 | D:2      | 1382 ||| UPGRADING to +0 pair of boots.
  1387 | D:2      | 1387 ||| UPGRADING to ring of positive energy.
  1388 | D:2      | 1388 ||| READING scroll labelled YDERONISOLA.
  1389 | D:2      | 1389 ||| DRINKING 2 inky potions.
  1390 | D:2      | 1390 ||| DRINKING 2 bubbling coppery potions.
  1495 | D:2      | 1495 ||| DROPPING potion of berserk rage.
  1527 | D:3      | Found a sparkling altar of Nemelex Xobeh.
  1656 | D:3      | Reached XP level 4. HP: 36/36 MP: 4/4
  2007 | D:3      | Reached skill level 5 in Ranged Weapons
  2015 | D:3      | HP: 9/37 [gnoll/+0 halberd (10)]
  2016 | D:3      | 2016 ||| READING scroll of teleportation.
  2163 | D:3      | Reached XP level 5. HP: 21/44 MP: 5/5
  2166 | D:3      | Reached skill level 3 in Fighting
  2457 | D:3      | 2457 ||| SWAPPING to +0 sling of flaming.
  2458 | D:3      | 2458 ||| DROPPING +1 sling.
  2459 | D:3      | 2459 ||| READING scroll labelled YLULAI YTUNI.
  2594 | D:4      | Noticed Edmund
  2599 | D:4      | 2599 ||| STAIRDANCE
  2603 | D:3      | HP: 7/45 [Edmund/+3 flail of protection (7)]
  2604 | D:3      | HP: 1/45 [Edmund/+3 flail of protection (6)]
  2604 | D:3      | Mangled by Edmund

Levels and vault maps discovered:
D:1:      dpeg_arrival_prison, layout_loops_ring
D:2:      layout_basic, basic_altar, serial_shops, shop
D:3:      layout_loops_ring, nemelex_xobeh_ov_fountains_minmay
D:4:      layout_loops_ring, minmay_ogre_servants, uniq_ijyb, uniq_edmund

Skill      XL: |  1  2  3  4  5 |
---------------+----------------+-----
Ranged Weapons | 3 4 5 |  5.1
Fighting       | 2 3 |  3.1
Armour         | 1 |  1.0
Dodging        | |  2.1
Spellcasting   | |  1.0
Hexes          | |  2.0

Action                     |  1- 3 |  4- 6 || total
---------------------------+-------+-------++-------
   Fire: Sling             |   164 |    71 ||   235
    Use: Scroll            |     5 |     2 ||     7
         Potion            |     2 |       ||     2
 Armour: Robe              |     6 |       ||     6
         Ring mail         |    23 |     6 ||    29
  Dodge: Dodged            |    43 |    18 ||    61

Table legend:
 A = Non-vault XP
 B = Vault XP
 C = Vault XP percentage of total XP
 D = Non-vault monster count
 E = Vault monster count
 F = Vault count percentage of total count
                 A         B        C        D         E       F
            +---------+---------+-------+---------+---------+-------
      Total |     229 |       4 |   1.7 |      69 |       2 |   2.8
            +---------+---------+-------+---------+---------+-------
        D:1 |      49 |       4 |   7.5 |      29 |       2 |   6.5
        D:2 |      30 |       0 |   0.0 |      17 |       0 |   0.0
        D:3 |     150 |       0 |   0.0 |      23 |       0 |   0.0
            +---------+---------+-------+---------+---------+-------
